 Dungeon Crawl Stone Soup version 0.23.2-40-g277498a001 (webtiles) character file.

Game seed: 1213910944286504668

844 zaybatsu the Magician (level 7, -3/50 HPs)
             Began as a Purple Draconian Fire Elementalist on July 31, 2019.
             Was an Initiate of Sif Muna.
             Shot with an arrow by a centaur (9 damage)
             ... on level 5 of the Dungeon on Aug 18, 2019.
             The game lasted 00:43:12 (6195 turns).

zaybatsu the Magician (DrFE)                        Turns: 6195, Time: 00:43:13

Health: -3/50      AC:  9    Str: 11    XL:     7   Next: 68%
Magic:  15/15      EV: 12    Int: 20    God:    Sif Muna [......]
Gold:   241        SH:  0    Dex: 11    Spells: 16/17 levels left

rFire    + . .     SeeInvis .   n - +0 trident
rCold    . . .     Gourm    .   (no shield)
rNeg     . . .     Faith    .   (armour unavailable)
rPois    .         Spirit   .   (helmet restricted)
rElec    .         Reflect  .   (no cloak)
rCorr    .         Harm     .   (no gloves)
MR       +....                  j - +2 pair of boots
Stlth    ++........             (no amulet)
HPRegen  0.16/turn              r - ring of protection from fire
MPRegen  0.14/turn              u - +3 ring of intelligence (curse)

@: no status effects
A: breathe power, unfitting armour, cold-blooded, AC +6
a: Breathe Dispelling Energy, Renounce Religion


You were on level 5 of the Dungeon.
You worshipped Sif Muna.
Sif Muna was noncommittal.
You were not hungry.

You visited 2 branches of the dungeon, and saw 6 of its levels.

You collected 241 gold pieces.

Inventory:

Hand Weapons
 c - a +0 dagger
 e - a +0 short sword
 h - a +0 short sword
 n - a +0 trident (weapon)
 s - a +0 hunting sling
 B - a +2 dagger of protection
Missiles
 g - 34 bolts
 o - 129 stones (quivered)
Armour
 j - a +2 pair of boots (worn)
 l - a +1 pair of boots
Jewellery
 r - a ring of protection from fire (left hand)
 u - a cursed +3 ring of intelligence (right hand)
Wands
 q - a wand of random effects (22)
 t - a wand of paralysis (7)
Scrolls
 a - a scroll of fog {unknown}
 d - a scroll of enchant weapon {unknown}
 f - 5 scrolls of teleportation {unknown}
 i - a scroll of random uselessness {unknown}
 k - 7 scrolls of identify {unknown}
 p - 5 scrolls of enchant armour {unknown}
 v - 2 scrolls of amnesia {unknown}
 y - a scroll of blinking {unknown}
Potions
 m - a potion of lignification {unknown}
 w - 2 potions of brilliance {unknown}
 x - a potion of magic {unknown}
 z - a potion of might {unknown}
 A - a potion of haste {unknown}
 C - a potion of curing {unknown}
Comestibles
 b - 8 rations


   Skills:
 - Level 0.1 Short Blades
 - Level 2.1 Dodging
 - Level 2.0 Stealth
 * Level 5.9 Spellcasting
 * Level 4.8 Conjurations
 * Level 5.7 Fire Magic


You had 16 spell levels left.
You knew the following spells:

 Your Spells              Type           Power        Failure   Level  Hunger
a - Flame Tongue          Conj/Fire      ####.        1%          1    None

Your spell library contained the following spells:

 Spells                   Type           Power        Failure   Level  Hunger
 Throw Flame              Conj/Fire      ####..       1%          2    None
 Conjure Flame            Conj/Fire      ####....     3%          3    ##.....
 Inner Flame              Hex/Fire       ###.....     10%         3    ##.....
 Sticky Flame             Conj/Fire      ####....     12%         4    ####...
 Fireball                 Conj/Fire      ####......   32%         5    #####..


Dungeon Overview and Level Annotations

Branches:
Dungeon (5/15)             Temple (1/1) D:4

Altars:
Cheibriados
Dithmenos
Elyvilon
Fedhas
Gozag
Hepliaklqana
Kikubaaqudgha
Makhleb
Nemelex Xobeh
Okawaru
Qazlal
Ru
Sif Muna
Trog
Uskayaw
Vehumet
Wu Jian
Xom
Yredelemnul
Zin
The Shining One

Shops:
D:5 [

Annotations:
D:5 1 transporter, Name63's ghost, amateur DsFi


Innate Abilities, Weirdness & Mutations

You can breathe bolts of dispelling energy.
Your rich purple scales are hard. (AC +6)
You cannot fit into any form of body armour.
You are cold-blooded and may be slowed by cold attacks.


Message History

The arrow hits you but does no damage.
Found Ynadecim's Armour Shoppe.
You see here 2 arrows.
The centaur shoots an arrow.
The arrow barely misses you.
The centaur shoots an arrow.
The arrow barely misses you.
You see here 2 arrows.
The centaur shoots an arrow.
The arrow hits you.
The centaur shoots an arrow.
The arrow hits you!!
You see here 2 arrows.
You see here an arrow.
The centaur shoots an arrow.
The arrow hits you.
The centaur shoots an arrow.
The arrow hits you!
* * * LOW HITPOINT WARNING * * *
You see here 2 arrows.
The centaur shoots an arrow.
The arrow hits you.
* * * LOW HITPOINT WARNING * * *
The centaur shoots an arrow.
The arrow barely misses you.
You see here an arrow.
The centaur shoots an arrow.
The arrow hits you!
You die...

.# #...#........##.... ...##
#..........####....
....####......#.######....
#........(.......#........
.###............#.###....
##..............###...[
#......#......###......
.########..#..#...........#....
.........(...(@.......######...
........(.##.##........## ##..
.......(.(..............#######
.......(....##########.........
#...........#O.. #..##.#.....
#..#........#.#. #..##.......
#. #c..c....#..# #....#...... .
..........#..# #...##......
.....8.....©#(#. #....##.....


You could see a centaur.

Vanquished Creatures
  Grinder (D:3)
  An ogre (D:4)
  5 orc priests
  An orc wizard (D:4)
  A hound (D:3)
  Jessica (D:3)
  Terence (D:2)
  4 worker ants
  A hound skeleton (D:4)
  Robin (D:3)
  7 adders
  An ooze (D:3)
  2 adder skeletons (D:4)
  4 worms
  A dart slug (D:1)
  4 leopard geckos
  9 orcs
  3 giant cockroaches
  10 hobgoblins
  3 jackals (D:1)
  5 kobolds
  A quokka (D:4)
  11 bats
  4 frilled lizards
  16 goblins
  13 rats
111 creatures vanquished.

Notes
Turn   | Place    | Note
-------+----------+-------------------------------------------
     0 | D:1      | zaybatsu the Draconian Fire Elementalist began the quest
                  | for the Orb.
     0 | D:1      | Reached XP level 1. HP: 14/14 MP: 3/3
   182 | D:1      | Reached XP level 2. HP: 17/20 MP: 5/5
   690 | D:1      | Reached XP level 3. HP: 14/26 MP: 6/6
  1701 | D:2      | Noticed Terence
  1901 | D:3      | Noticed Robin
  1999 | D:2      | Reached XP level 4. HP: 32/33 MP: 8/8
  2153 | D:3      | Killed Robin
  2189 | D:3      | Found a white marble altar of Elyvilon.
  2391 | D:3      | HP: 1/33 [orc priest/divine providence (16)]
  2686 | D:3      | Reached XP level 5. HP: 38/38 MP: 4/9
  2791 | D:3      | Found a bloodstained altar of Trog.
  2820 | D:3      | Noticed Jessica
  2828 | D:3      | Killed Jessica
  2868 | D:3      | Noticed Grinder
  3443 | D:3      | Paralysed by Grinder for 2 turns
  3446 | D:3      | Killed Grinder
  3446 | D:3      | Reached XP level 6. HP: 40/45 MP: 3/12
  3850 | D:2      | Killed Terence
  4078 | D:2      | Reached skill level 5 in Fire Magic
  4085 | D:2      | Found a shadowy altar of Dithmenos.
  4388 | D:4      | Your scales start taking on a rich purple colour.
  4388 | D:4      | Reached skill level 5 in Spellcasting
  4388 | D:4      | Reached XP level 7. HP: 44/50 MP: 9/14
  4833 | D:4      | Found a staircase to the Ecumenical Temple.
  4848 | Temple   | Entered the Ecumenical Temple
  4977 | Temple   | Upgraded the game from 0.23.2-33-g5129a83184 to
                  | 0.23.2-40-g277498a001
  4981 | Temple   | Became a worshipper of Sif Muna the Loreminder
  5552 | D:4      | Found a burning altar of Makhleb.
  5552 | D:4      | Found a sacrificial altar of Ru.
  6025 | D:5      | Entered Level 5 of the Dungeon
  6183 | D:5      | Found a transporter.
  6184 | D:5      | Noticed Name63's ghost (amateur DsFi)
  6185 | D:5      | Found Ynadecim's Armour Shoppe.
  6195 | D:5      | Shot with an arrow by a centaur

Skill      XL: |  1  2  3  4  5  6 |
---------------+-------------------+-----
Dodging        | 2 |  2.1
Stealth        | 2 |  2.0
Conjurations   | 2 3 4 |  4.8
Spellcasting   | 3 4 5 |  5.9
Fire Magic     | 4 5 |  5.7
Short Blades   | |  0.1

Action                   |  1- 3 |  4- 6 |  7- 9 || total
-------------------------+-------+-------+-------++-------
Melee: Short sword       |   118 |       |       ||   118
       Unarmed           |     8 |       |       ||     8
       Dagger            |     5 |       |       ||     5
       Tailslap          |    14 |     2 |     1 ||    17
       Trident           |    37 |   118 |    44 ||   199
Throw: Stone             |     3 |       |       ||     3
 Cast: Flame Tongue      |    15 |    73 |    44 ||   132
 Abil: Breathe Dispellin |       |       |     3 ||     3
 Stab: Sleeping          |     5 |     3 |     1 ||     9
  Eat: Chunk             |     4 |     7 |     4 ||    15
       Ration            |       |       |     1 ||     1
Armor: Skin              |    67 |    55 |    28 ||   150
Dodge: Dodged            |   140 |   129 |    37 ||   306
